 Dungeon Crawl Stone Soup version 0.24-a0-232-g49d9ff80d8 (webtiles) character file.

Game seed: 3114746017238602398

72851 Redear the Thaumaturge (level 15, -5/99 HPs)
             Began as an Octopode Earth Elementalist on Apr 4, 2019.
             Was the Champion of Zin.
             Slain by a vampire mosquito (9 damage)
             ... on level 3 of the Swamp.
             The game lasted 04:37:41 (34453 turns).

Redear the Thaumaturge (OpEE)                      Turns: 34453, Time: 04:37:42

Health: -5/99      AC:  3    Str:  8    XL:     15   Next: 41%
Magic:  0/39       EV: 20    Int: 26    God:    Zin [******]
Gold:   1174       SH: 10    Dex: 16    Spells: 15/37 levels left

rFire    + + +     SeeInvis +   a - +7 scimitar of Demonkind {flame, Int+3}
rCold    + . .     Gourm    .   q - +0 shield
rNeg     + . .     Faith    .   A - +2 hat of the Bear Spirit {Spirit, +Rage rN+ MR++}
rPois    +         Spirit   +   (no amulet)
rElec    .         Reflect  .   w - ring of magical power {MP+9}
rCorr    .         Harm     .   x - ring of stealth {Stlth+}
MR       +++..                  L - +3 ring of dexterity
Stlth    ++++++++..             o - ring of poison resistance {rPois}
HPRegen  0.26/turn              y - ring of stealth {Stlth+}
MPRegen  0.26/turn              f - ring of protection from fire {rF+}
                                c - ring of protection from cold {rC+}
                                W - ring "Tumammikk" {rF++ EV+3}

@: berserk cooldown, starving
A: almost no armour, stealthy swim, amphibious, 8 rings, constrict 8, camouflage
1, see invisible, screaming 1, wild magic 1, gelatinous body 1, MP-powered wands
a: Recite, Vitalisation, Imprison, Sanctuary, Donate Gold, Renounce Religion,
Evoke Berserk Rage


You were on level 3 of the Swamp.
You worshipped Zin.
Zin was exalted by your worship.
You were starving.

You visited 6 branches of the dungeon, and saw 26 of its levels.
You also visited: Ossuary.

You collected 2393 gold pieces.
You spent 1000 gold pieces at shops.
You donated 219 gold pieces to Zin.

Inventory:

Hand Weapons
 a - the +7 scimitar of Demonkind (weapon) {flame, Int+3}
   (You bought it in a shop on level 2 of the Orcish Mines)

   It has been specially enchanted to burn those struck by it, causing extra
   injury to most foes and up to half again as much damage against particularly
   susceptible opponents.
   Big, fiery blades are also staple armaments of hydra-hunters.
   It affects your intelligence (+3).
 l - a +1 dagger of protection
Missiles
 H - 199 stones (quivered)
Armour
 q - a +0 shield (worn)
 A - the +2 hat of the Bear Spirit (worn) {Spirit, +Rage rN+ MR++}
   (You found it on level 4 of the Dungeon)

   It protects you from negative energy.
   It affects your resistance to hostile enchantments.
   It lets you go berserk.
Magical Staves
 b - an uncursed staff of energy {channel}
Jewellery
 c - a ring of protection from cold (on tentacle) {rC+}
 f - a ring of protection from fire (on tentacle) {rF+}
 m - an uncursed ring of flight {unknown}
 o - a ring of poison resistance (on tentacle) {rPois}
 s - the amulet of Fife {rF+ MR- Regen+ Str+7 Stlth+, unknown}
   (You found it on level 3 of the Swamp)

   [amulet of regeneration]

   It affects your strength (+7).
   It protects you from fire.
   It affects your resistance to hostile enchantments.
   It increases your rate of regeneration.
   It makes you more stealthy.
 t - an uncursed ring of protection from cold {rC+}
 w - a ring of magical power (left tentacle) {MP+9}
 x - a ring of stealth (right tentacle) {Stlth+}
 y - a ring of stealth (on tentacle) {Stlth+}
 B - an uncursed ring of positive energy {rN+}
 J - an uncursed ring of stealth {Stlth+}
 L - a +3 ring of dexterity (on tentacle)
 W - the ring "Tumammikk" (on tentacle) {rF++ EV+3}
   (You took it off a kobold on level 12 of the Dungeon)

   [ring of evasion]

   It affects your evasion (+3).
   It greatly protects you from fire.
Wands
 j - a wand of polymorph (17)
 D - a wand of digging (14)
 E - a wand of enslavement (7)
 P - a wand of paralysis (12)
 V - a wand of flame (98)
Scrolls
 e - 2 scrolls of holy word
 g - 7 scrolls of enchant weapon
 h - 2 scrolls of random uselessness
 k - a scroll of fog
 r - 7 scrolls of noise
 u - 3 scrolls of immolation
 C - 5 scrolls of amnesia
 K - 2 scrolls of vulnerability
 N - 13 scrolls of remove curse {@r2}
 O - 2 scrolls of enchant armour
 R - 3 scrolls of identify {@r1}
Potions
 i - a potion of cancellation
 p - 2 potions of might {Str+5 DMG+1d10 | @q3}
 v - a potion of resistance {rF+ rC+ rPois rElec rCorr}
 M - 4 potions of brilliance {Archmagi Int+5 Wiz++}
 Q - 2 potions of curing {@q2}
 S - 4 potions of mutation {!q}
Miscellaneous
 d - a lamp of fire
 T - a lightning rod (4/4)
 Y - a lamp of fire
Comestibles
 z - 14 rations


   Skills:
 - Level 8.3 Fighting
 - Level 8.4 Long Blades
 - Level 7.9 Dodging
 - Level 10.0 Stealth
 + Level 8.6 Shields
 - Level 11.7 Spellcasting
 - Level 7.6 Summonings
 - Level 1.0 Transmutations
 - Level 8.3 Ice Magic
 - Level 11.4 Earth Magic
 - Level 5.3 Invocations


You had 15 spell levels left.
You knew the following spells:

 Your Spells              Type           Power        Failure   Level  Hunger
a - Sandblast             Erth           ######       1%          1    None
b - Stone Arrow           Conj/Erth      ######       4%          3    None
c - Passwall              Tmut/Erth      ######..     2%          2    None
d - Petrify               Tmut/Erth      ######..     11%         4    None
e - Summon Ice Beast      Ice/Summ       ######..     5%          4    None
h - Ozocubu's Armour      Chrm/Ice       #####...     8%          3    None
l - Lee's Rapid Deconstr  Erth           #######...   4%          5    ###....

Your spell library contained the following spells:

 Spells                   Type           Power        Failure   Level  Hunger
 Freeze                   Ice            ####         1%          1    None
 Ensorcelled Hibernation  Hex/Ice        #####.       4%          2    None
 Throw Frost              Conj/Ice       #####.       4%          2    None
 Recall                   Summ/Tloc      N/A          9%          3    None
 Beastly Appendage        Tmut           ####..       10%         1    None
 Animate Skeleton         Necr           N/A          13%         1    None
 Corona                   Hex            ###....      13%         1    None
 Magic Dart               Conj           ###.         13%         1    None
 Pain                     Necr           ###.         13%         1    None
 Sticks to Snakes         Tmut           ####....     13%         2    None
 Leda's Liquefaction      Hex/Erth       ######....   13%         4    None
 Searing Ray              Conj           ###...       19%         2    None
 Ice Form                 Ice/Tmut       ######..     19%         4    None
 Throw Icicle             Conj/Ice       #####...     22%         4    None
 Spider Form              Tmut/Pois      ###.......   30%         3    None
 Borgnjor's Vile Clutch   Necr/Erth      ######....   32%         5    ###....
 Confuse                  Hex            ###.....     34%         3    None
 Dazzling Spray           Conj/Hex       ###...       34%         3    None
 Regeneration             Chrm/Necr      ###.......   34%         3    None
 Tukima's Dance           Hex            ###.....     34%         3    None
 Vampiric Draining        Necr           ###.......   34%         3    None
 Animate Dead             Necr           N/A          73%         4    None
 Force Lance              Conj/Tloc      ###.....     73%         4    None
 Fulminant Prism          Conj/Hex       ###.......   73%         4    None
 Iskenderun's Mystic Bla  Conj           ###.....     73%         4    None
 Statue Form              Tmut/Erth      ######...    78%         6    #####..
 Blade Hands              Tmut           ####......   89%         5    ###....
 Simulacrum               Ice/Necr       #####.....   96%         6    #####..
 Death Channel            Necr           ###.......   100%        6    #####..
 Dragon Form              Tmut           ####......   100%        7    ######.


Dungeon Overview and Level Annotations

Branches:
Dungeon (13/15)            Temple (1/1) D:5            Lair (6/6) D:10
  Swamp (3/4) Lair:4        Snake (1/4) Lair:2        Slime (0/5) Lair:5
    Orc (2/2) D:11            Elf (0/3) Orc:2
 Vaults: D:13-14

Altars:
Ashenzari
Cheibriados
Dithmenos
Elyvilon
Fedhas
Gozag
Hepliaklqana
Kikubaaqudgha
Makhleb
Nemelex Xobeh
Okawaru
Qazlal
Ru
Sif Muna
Trog
Uskayaw
Vehumet
Wu Jian
Xom
Yredelemnul
Zin
The Shining One
Beogh
Jiyva

Shops:
D:5 =   D:11 ?   D:12 *   Orc:2 %((**

Annotations:
Lair:3 2 transporters, Tidochel's ghost, journeyman DDFi


Innate Abilities, Weirdness & Mutations

You cannot wear most types of armour.
You are very stealthy in the water. (Stealth+)
You are amphibious.
You can wear up to eight rings at the same time.
You can use your tentacles to constrict eight enemies at once.
Your skin changes colour to match your surroundings (Stealth+).
Your rubbery body absorbs attacks. (AC +1, EV +1)
You have supernaturally acute eyesight. (SInv)
You occasionally shout uncontrollably at your foes.
Your spells are a little harder to cast, but a little more powerful.
You expend magic power (3 MP) to strengthen your wands.


Message History

Okay, then.
Okay, then.
Okay, then.
Okay, then.
Okay, then.
Okay, then.
Okay, then.
Unknown command.
Your magical effects are unravelling.
You feel magically purged.
Your magical contamination has completely faded away.
You feel yourself speed up.
You constrict the ghost crab.
The ghost crab is no longer petrified.
The vampire mosquito misses you.
The vampire mosquito completely misses you.
The vampire mosquito misses you.
The ghost crab breathes spectral mist at you.
The spectral mist engulfs you but does no damage.
The vampire mosquito bites you!
You die...

♣.....≈ ≈i....≈♣ ♣♣ ≈♣
♣.≈.♣♣ ♣.....≈)♣≈♣ ♣♣♣≈
≈.≈≈≈.≈ .......♣≈≈♣♣♣.≈≈
♣..≈≈≈.
♣..⌠....≈≈≈♣♣..♣♣♣...≈≈≈
♣.....≈≈≈≈♣♣...♣♣≈≈§.≈≈≈
≈≈...≈§§t≈♣..≈.♣.|≈♣.≈≈≈
♣y@☼≈....≈....♣.≈≈.
≈≈≈≈≈≈§y§...!..≈....♣≈≈♣
≈≈≈≈≈≈≈≈..♣♣≈≈.≈....≈≈♣♣
.≈♣≈≈≈...♣♣♣..≈≈≈≈≈.≈≈♣♣
!.≈♣....♣♣♣......≈≈≈≈.♣≈
........♣♣.≈.≈♣♣♣≈.≈.≈..
.♣.♣♣.♣♣♣≈..♣♣♣♣.≈≈≈≈..≈
≈≈ .≈ ≈≈≈.≈ ♣.≈≈≈≈...
...≈♣ ♣≈≈≈..≈≈.


You could see a ghost crab, a spriggan druid (fleeing) and 2 vampire mosquitoes.

Vanquished Creatures
  Kirke (Lair:4)
  Gastronok (D:8)
  Donald (Swamp:1)
  Roxanne (Swamp:2)
  Azrael (D:13)
  Josephine (Lair:4)
  Fannar (D:10)
  Erica (Lair:1)
  6 hydras
  3 shambling mangroves
  4 alligators
  3 two-headed ogres
  Nergalle (D:10)
  An unseen horror (D:11)
  3 orc knights (Orc:2)
  3 orc sorcerers
  5 ugly things
  Maurice (D:8)
  6 elephants
  The ghost of Tinylith the Slasher, a novice MiGl (D:4)
  A black mamba (Lair:5)
  Joseph (D:8)
  The ghost of Hercules1031 the Shield-Bearer, a novice FoFi (D:4)
  A gargoyle (D:10)
  A rime drake (Lair:3)
  6 spiny frogs
  2 komodo dragons
  8 trolls
  A polar bear (Lair:5)
  A meliai (D:10)
  A queen bee (Lair:3)
  4 hornets
  Prince Ribbit (D:8)
  2 tyrant leeches (Swamp:2)
  7 blink frogs
  3 bog bodies
  3 slime creatures (Swamp:1)
  6 hippogriffs
  A shadow (Swamp:1)
  3 redbacks (Orc:1)
  A tarantella (Orc:1)
  2 wraiths
  5 yaks (Lair:4)
  Sigmund (D:2)
  4 hogs (Lair:4)
  A spriggan (Swamp:3)
  2 wyverns (D:13)
  A fire elemental (D:13)
  3 hungry ghosts
  10 vampire mosquitoes
  A steam dragon (D:10)
  The ghost of grizmgrazm2 the Slasher, an amateur GnWn (D:4)
  A warg (Orc:2)
  14 insubstantial wisps
  9 swamp worms
  A soldier ant (D:11)
  3 hell hounds (D:13)
  7 water moccasins
  4 porcupines
  2 swamp drakes (Swamp:2)
  An eye of draining (D:13)
  36 orc warriors
  2 phantoms
  6 sky beasts
  4 ice beasts
  3 black bears
  The ghost of yrara the Skirmisher, an amateur DsFi (D:4)
  3 ogres
  15 centaurs
  4 wolves
  13 crocodiles
  2 big kobolds
  2 elf zombies (D:4)
  9 bullfrogs
  An elf skeleton (D:4)
  6 scorpions
  26 killer bees
  A wight (D:10)
  An electric eel (Orc:2)
  2 howler monkeys (D:9)
  2 bullfrog zombies
  4 centaur zombies
  6 crimson imps
  A bullfrog skeleton (D:4)
  3 centaur skeletons
  2 jellies
  13 orc priests
  2 hounds
  25 orc wizards
  A human skeleton (D:4)
  2 iguanas
  10 worker ants
  4 big kobold zombies (Ossuary)
  A hound skeleton (D:11)
  4 mummies (Ossuary)
  A howler monkey skeleton (D:11)
  14 adders
  9 gnolls
  4 shadow imps
  An ooze (D:4)
  An adder zombie (D:5)
  2 adder skeletons
  5 worms
  A dart slug (D:3)
  2 leopard geckos
  71 orcs
  5 bats
  5 giant cockroaches
  7 goblins
  2 hobgoblins (D:2)
  18 jackals
  10 kobolds
  A quokka (D:8)
  A ball python (D:6)
  A frilled lizard (D:2)
  4 hobgoblin zombies (Ossuary)
  A leopard gecko zombie (D:8)
  An orc skeleton (D:4)
  An orc zombie (D:4)
  A quokka skeleton (D:6)
  5 rats
  A fungus (Swamp:1)
  3 plants (Lair:6)
568 creatures vanquished.

Vanquished Creatures (collateral kills)
  Frances (Swamp:2)
  The ghost of nubinia the Zephyrmancer, a journeyman TeWz of Ashenzari (Swamp:3)
  2 ogre magi (D:10)
  A hydra (Swamp:2)
  An anaconda (Lair:6)
  A centaur warrior (Orc:2)
  An alligator (Swamp:1)
  A naga sharpshooter (Lair:2)
  A spriggan druid (Swamp:2)
  A swamp dragon (Swamp:2)
  2 orc knights (Orc:1)
  3 cyclopes
  3 elephants
  3 spiny frogs
  3 komodo dragons
  2 hornets (Swamp:2)
  5 slime creatures (Swamp:1)
  2 bog bodies (Lair:4)
  5 blink frogs
  2 tyrant leeches (Swamp:2)
  5 hippogriffs
  5 wraiths
  A wyvern (Lair:5)
  14 yaks
  6 swamp worms
  4 water moccasins
  15 orc warriors
  A swamp drake (Swamp:1)
  A sky beast (D:11)
  A black bear (D:9)
  3 ogres
  4 wolves (Lair:4)
  5 centaurs (Orc:2)
  2 crocodiles (Lair:6)
  A bullfrog (Lair:4)
  2 killer bees (Lair:3)
  4 electric eels
  A hound (D:9)
  5 orc priests
  4 orc wizards
  A gnoll (Orc:2)
  25 orcs
  5 kobolds (D:10)
  A quokka (D:10)
  A plant (D:10)
158 creatures vanquished.

Vanquished Creatures (others)
  A swamp worm (Swamp:3)
  A killer bee (Lair:3)
  4 fungi
  8 plants
  8 toadstools (Swamp:3)
22 creatures vanquished.

Grand Total: 748 creatures vanquished

Notes
Turn   | Place    | Note
-------+----------+-------------------------------------------
     0 | D:1      | Redear the Octopode Earth Elementalist began the quest for
                  | the Orb.
     0 | D:1      | Reached XP level 1. HP: 11/11 MP: 3/3
   270 | D:1      | Reached skill level 3 in Stealth
   326 | D:1      | Reached XP level 2. HP: 15/17 MP: 0/5
  1076 | D:2      | Learned a level 2 spell: Passwall
  1080 | D:2      | Noticed Sigmund
  1118 | D:2      | Killed Sigmund
  1118 | D:2      | Reached skill level 5 in Stealth
  1118 | D:2      | Reached skill level 3 in Spellcasting
  1118 | D:2      | Reached skill level 4 in Earth Magic
  1118 | D:2      | Reached XP level 3. HP: 13/21 MP: 0/7
  1118 | D:2      | Reached XP level 4. HP: 16/27 MP: 0/8
  1118 | D:2      | Reached XP level 5. HP: 19/31 MP: 0/9
  1427 | D:2      | Reached XP level 6. HP: 27/36 MP: 8/11
  2564 | D:4      | Learned a level 3 spell: Stone Arrow
  2644 | D:4      | Found a runed translucent gate.
  2644 | D:4      | Found a runed translucent gate.
  2652 | D:4      | Found a sparkling altar of Nemelex Xobeh.
  2652 | D:4      | Noticed a phantom
  2769 | D:4      | Found a sand-covered staircase.
  2785 | D:4      | Reached skill level 6 in Stealth
  2785 | D:4      | Reached skill level 4 in Spellcasting
  2848 | Ossuary  | Entered an ossuary
  2863 | Ossuary  | Reached skill level 5 in Earth Magic
  2882 | Ossuary  | Reached XP level 7. HP: 41/41 MP: 5/13
  3410 | D:4      | Found a runed translucent gate.
  3411 | D:4      | Noticed grizmgrazm2's ghost (amateur GnWn)
  3412 | D:4      | Noticed yrara's ghost (amateur DsFi)
  3412 | D:4      | Noticed Hercules1031's ghost (novice FoFi)
  3412 | D:4      | Noticed Tinylith's ghost (novice MiGl)
  3414 | D:4      | Found the +2 hat of the Bear Spirit {Spirit, +Rage rN+
                  | MR++}
  3705 | D:4      | Reached skill level 5 in Spellcasting
  3738 | D:4      | Reached skill level 6 in Earth Magic
  4246 | D:5      | Entered Level 5 of the Dungeon
  4251 | D:5      | Reached XP level 8. HP: 46/46 MP: 10/16
  4511 | D:5      | Found a staircase to the Ecumenical Temple.
  4730 | D:5      | Found Xounox's Jewellery Shoppe.
  4815 | D:5      | Bought an uncursed ring of magical power for 200 gold
                  | pieces
  4902 | Temple   | Entered the Ecumenical Temple
  5042 | D:6      | Found a radiant altar of Vehumet.
  5139 | D:6      | Got an iridescent long sword
  5142 | D:6      | Identified the +4 long sword of Instinct {slice, Fragile
                  | rC- rN+++ Stlth+} (You found it on level 6 of the Dungeon)
  5179 | D:6      | Reached skill level 7 in Earth Magic
  5320 | D:6      | Learned a level 5 spell: Lee's Rapid Deconstruction
  5501 | D:6      | Found an iron altar of Okawaru.
  5549 | D:6      | Found a blossoming altar of Fedhas.
  5730 | D:6      | Reached skill level 8 in Earth Magic
  5832 | D:7      | Noticed a blizzard demon
  5880 | D:7      | Found a burning altar of Makhleb.
  5886 | D:7      | Found a glowing silver altar of Zin.
  5886 | D:7      | Noticed an angel
  5890 | D:7      | Gained mutation: You expend magic power (3 MP) to
                  | strengthen your wands. [potion of mutation]
  5890 | D:7      | Gained mutation: You occasionally shout uncontrollably at
                  | your foes. [potion of mutation]
  5890 | D:7      | Gained mutation: You have supernaturally acute eyesight.
                  | (SInv) [potion of mutation]
  5890 | D:7      | Gained mutation: Your spells are a little harder to cast,
                  | but a little more powerful. [potion of mutation]
  5897 | D:7      | Became a worshipper of Zin the Law-Giver
  5897 | D:7      | Reached * piety under Zin
  6757 | D:8      | Reached skill level 9 in Earth Magic
  6757 | D:8      | Reached XP level 9. HP: 51/51 MP: 4/17
  7061 | D:8      | Noticed Maurice
  7068 | D:8      | Killed Maurice
  7068 | D:8      | Reached skill level 10 in Earth Magic
  7085 | D:8      | Noticed Prince Ribbit
  7324 | D:8      | Found a glowing golden altar of the Shining One.
  7454 | D:8      | Noticed Joseph
  7504 | D:8      | Reached skill level 11 in Earth Magic
  7575 | D:8      | Reached ** piety under Zin
  7616 | D:8      | Killed Prince Ribbit
  7629 | D:8      | Learned a level 4 spell: Petrify
  7634 | D:8      | Learned a level 4 spell: Summon Ice Beast
  7814 | D:8      | Noticed Gastronok
  7825 | D:8      | Killed Gastronok
  7825 | D:8      | Reached skill level 4 in Summonings
  7825 | D:8      | Reached skill level 4 in Ice Magic
  7825 | D:8      | Reached XP level 10. HP: 27/56 MP: 1/18
  8100 | D:8      | Killed Joseph
  8364 | D:9      | Reached skill level 5 in Summonings
  8364 | D:9      | Reached skill level 5 in Ice Magic
  8546 | D:9      | Found a bloodstained altar of Trog.
  8648 | D:9      | Found an ancient bone altar of Kikubaaqudgha.
  9014 | D:10     | Entered Level 10 of the Dungeon
  9114 | D:10     | Found a staircase to the Lair.
  9143 | D:10     | Reached skill level 6 in Summonings
  9143 | D:10     | Reached skill level 6 in Ice Magic
  9234 | D:10     | Noticed Nergalle
  9294 | D:10     | Killed Nergalle
  9294 | D:10     | Reached XP level 11. HP: 23/61 MP: 1/19
  9299 | D:10     | HP: 6/61 [steam dragon/ball of steam (17)]
  9569 | D:10     | Reached skill level 7 in Summonings
  9569 | D:10     | Reached skill level 7 in Ice Magic
  9704 | D:10     | Noticed a two-headed ogre
  9706 | D:10     | Killed a two-headed ogre
  9721 | D:10     | Identified the Catalogue of Shifting Stolen Souls
  9729 | D:10     | Noticed an ogre mage
  9730 | D:10     | Noticed Fannar
  9743 | D:10     | Noticed a cyclops
  9744 | D:10     | Noticed an ogre mage
 10266 | D:11     | Reached skill level 3 in Dodging
 10330 | D:11     | Noticed a purple ugly thing
 10333 | D:11     | Killed a purple ugly thing
 10333 | D:11     | Reached skill level 4 in Dodging
 10390 | D:11     | Noticed an unseen horror
 10396 | D:11     | Killed an unseen horror
 10396 | D:11     | Reached skill level 5 in Dodging
 10706 | D:4      | Killed Hercules1031's ghost
 10706 | D:4      | Reached skill level 6 in Dodging
 10707 | D:4      | Killed yrara's ghost
 10707 | D:4      | Killed grizmgrazm2's ghost
 10707 | D:4      | Killed Tinylith's ghost
 11366 | D:11     | Reached skill level 7 in Dodging
 11427 | D:11     | Found a staircase to the Orcish Mines.
 11506 | D:11     | Found a roughly hewn altar of Beogh.
 11848 | D:11     | Found Obushrepu's Magic Scroll Shoppe.
 11852 | D:11     | Bought a scroll of identify for 32 gold pieces
 11852 | D:11     | Bought a scroll of identify for 32 gold pieces
 11852 | D:11     | Bought a scroll of identify for 32 gold pieces
 11852 | D:11     | Bought a scroll of identify for 32 gold pieces
 11858 | D:11     | Bought a scroll of identify for 32 gold pieces
 11873 | D:11     | Reached skill level 1 in Fighting
 11919 | D:11     | Reached *** piety under Zin
 12095 | D:12     | Noticed a red ugly thing
 12108 | D:12     | Killed a red ugly thing
 12108 | D:12     | Reached skill level 2 in Fighting
 12158 | D:12     | Reached skill level 3 in Fighting
 12158 | D:12     | Reached XP level 12. HP: 72/72 MP: 8/20
 12450 | D:12     | Reached skill level 4 in Fighting
 12565 | D:12     | Found Honewab's Assorted Antiques.
 12679 | D:12     | Reached skill level 5 in Fighting
 12924 | D:12     | Identified the ring "Tumammikk" {rF++ EV+3}
 13103 | D:12     | Reached **** piety under Zin
 13210 | D:12     | Reached skill level 7 in Stealth
 13223 | D:12     | Reached skill level 6 in Fighting
 13375 | D:12     | Reached skill level 8 in Stealth
 13473 | D:12     | Noticed a two-headed ogre
 13481 | D:12     | Killed a two-headed ogre
 13660 | D:13     | Noticed a two-headed ogre
 13662 | D:13     | Killed a two-headed ogre
 13662 | D:13     | Reached skill level 9 in Stealth
 13694 | D:13     | Reached skill level 7 in Fighting
 13868 | D:13     | Noticed Azrael
 13875 | D:13     | Killed Azrael
 14018 | D:13     | Reached skill level 10 in Stealth
 14154 | D:13     | Noticed a two-headed ogre
 14279 | Lair:1   | Entered Level 1 of the Lair of Beasts
 14314 | Lair:1   | Reached skill level 8 in Fighting
 14669 | Lair:1   | Reached skill level 6 in Spellcasting
 14675 | Lair:1   | Noticed Erica
 14686 | Lair:1   | Killed Erica
 14771 | Lair:1   | Reached skill level 1 in Invocations
 14823 | Lair:1   | Reached skill level 2 in Invocations
 15319 | Lair:2   | Reached XP level 13. HP: 82/88 MP: 23/23
 15768 | Lair:2   | Found a staircase to the Snake Pit.
 15922 | Lair:2   | Reached skill level 7 in Spellcasting
 15922 | Lair:2   | Reached skill level 3 in Invocations
 16229 | Lair:3   | Noticed Tidochel's ghost (journeyman DDFi)
 16234 | Lair:3   | Found a transporter.
 16237 | Lair:3   | Found a transporter.
 16502 | Lair:3   | Reached skill level 4 in Invocations
 17071 | Lair:3   | Reached skill level 5 in Invocations
 17596 | Lair:3   | Reached skill level 8 in Spellcasting
 17648 | Lair:4   | Noticed Josephine
 17867 | Lair:4   | Learned a level 3 spell: Ozocubu's Armour
 18064 | Lair:4   | Reached skill level 1 in Long Blades
 18090 | Lair:4   | Reached skill level 2 in Long Blades
 18193 | Lair:4   | Reached skill level 3 in Long Blades
 18635 | Lair:3   | Reached skill level 4 in Long Blades
 18796 | Lair:4   | Reached ***** piety under Zin
 18905 | Lair:4   | Killed Josephine
 19102 | Lair:3   | Reached skill level 5 in Long Blades
 19280 | Lair:4   | Noticed Kirke
 19303 | Lair:4   | Killed Kirke
 19303 | Lair:4   | Reached skill level 6 in Long Blades
 19460 | Lair:4   | Found a staircase to the Swamp.
 19526 | Lair:5   | Reached skill level 7 in Long Blades
 19586 | Lair:5   | Found a staircase to the Slime Pits.
 19586 | Lair:5   | Found a viscous altar of Jiyva.
 20110 | Lair:6   | Entered Level 6 of the Lair of Beasts
 20476 | Lair:6   | Reached skill level 8 in Long Blades
 20603 | Lair:6   | Reached XP level 14. HP: 88/94 MP: 21/26
 21522 | Lair:6   | Reached skill level 9 in Spellcasting
 21749 | Lair:6   | Noticed a dire elephant
 21749 | Lair:6   | Noticed a dire elephant
 21795 | Lair:6   | Noticed a dire elephant
 22017 | D:5      | Bought an uncursed ring of poison resistance for 200 gold
                  | pieces
 22217 | Orc:1    | Entered Level 1 of the Orcish Mines
 23069 | Orc:2    | Entered Level 2 of the Orcish Mines
 23328 | Orc:2    | Found a staircase to the Elven Halls.
 23402 | Orc:2    | Reached skill level 10 in Spellcasting
 24220 | Orc:2    | Found Ieawod's Incredible Inventory.
 24487 | Orc:2    | Reached ****** piety under Zin
 27502 | Orc:2    | Found Boeluk's Antique Weapon Shoppe.
 27502 | Orc:2    | Found Wafruemina's Antique Weapon Boutique.
 27504 | Orc:2    | Found Xupamasu's General Store.
 27523 | Orc:2    | Found Toaz's Food Emporium.
 27548 | Orc:2    | Bought a scroll of blinking for 105 gold pieces
 27548 | Orc:2    | Bought a potion of might for 56 gold pieces
 27555 | Orc:2    | Bought a brightly glowing scimitar for 279 gold pieces
 27555 | Orc:2    | Identified the +7 scimitar of Demonkind {flame, Int+3} (You
                  | bought it in a shop on level 2 of the Orcish Mines)
 27806 | Orc:1    | Reached skill level 11 in Spellcasting
 28570 | D:10     | Killed Fannar
 28612 | D:10     | Got an encrusted quarterstaff
 29097 | Snake:1  | Entered Level 1 of the Snake Pit
 29557 | Swamp:1  | Entered Level 1 of the Swamp
 29699 | Lair:4   | Identified the +3 quarterstaff "Voemib" {crush, Int+2} (You
                  | found it on level 10 of the Dungeon)
 30338 | Swamp:1  | Noticed Donald
 30351 | Swamp:1  | Killed Donald
 30351 | Swamp:1  | Reached skill level 8 in Ice Magic
 30410 | Swamp:1  | Reached skill level 1 in Shields
 30569 | Swamp:1  | Reached skill level 2 in Shields
 30684 | Swamp:1  | Reached skill level 3 in Shields
 31742 | Swamp:2  | Reached skill level 4 in Shields
 31773 | Swamp:2  | Noticed Frances
 31848 | Swamp:2  | Reached XP level 15. HP: 99/99 MP: 22/30
 31899 | Swamp:2  | Reached skill level 5 in Shields
 31921 | Swamp:2  | Killed Frances
 32268 | Swamp:2  | Reached skill level 6 in Shields
 32471 | Swamp:2  | Identified Roxanne's Almanac of the Mountains
 32471 | Swamp:2  | Noticed Roxanne
 32669 | Swamp:2  | Killed Roxanne
 32669 | Swamp:2  | Reached skill level 7 in Shields
 33076 | Swamp:3  | Found a runed translucent gate.
 33076 | Swamp:3  | Found a runed translucent gate.
 33078 | Swamp:3  | Found a runed translucent gate.
 33079 | Swamp:3  | Noticed nubinia's ghost (journeyman TeWz)
 33588 | Swamp:2  | Reached skill level 8 in Shields
 34100 | Swamp:3  | Noticed a thorn hunter
 34221 | Swamp:3  | Killed nubinia's ghost
 34320 | Swamp:3  | Got a smoking graven amulet
 34444 | Swamp:3  | Zin protects you from harm!
 34444 | Swamp:3  | HP: 8/148 [spectral alligator[a ghost crab] (15)]
 34446 | Swamp:3  | Zin protects you from harm!
 34450 | Swamp:3  | HP: 4/148 [vampire mosquito (1)]
 34453 | Swamp:3  | Slain by a vampire mosquito

Levels and vault maps discovered:
D:1:      dpeg_arrival_simpleton_a, layout_basic
D:2:      layout_basic, uniq_sigmund
D:3:      layout_loops_ring, first_ration
D:4:      layout_loops_corners, nemelex_xobeh_ov_fountains_minmay,
          nicolae_ossuary_entry_catacombs, gammafunk_ghost_cemetery
D:5:      layout_rooms, temple_fountains, serial_shops, shop, st_stairs_8
D:6:      layout_loops_ring, old_standard_altar, kennysheep_okawaru_gauntlet,
          lemuel_crystal_altar
D:7:      cheibrodos_helix_gallery, layout_basic,
          grunt_temple_overflow_order_and_chaos_2
D:8:      layout_loops_ring, nicolae_tso_swordbearing_angel, uniq_maurice,
          uniq_gastronok, uniq_joseph, uniq_prince_ribbit1
D:9:      layout_long_grid, trog_ov_bears_minmay, marbit_many_paths,
          serial_glass, glass_columns_c, glass_columns_a, glass_columns_a,
          glass_columns_b, glass_columns_a, glass_columns_a, glass_columns_a,
          glass_columns_a, glass_columns_b, glass_columns_a
D:10:     layout_roguey, david_lair_shrubbed, minivault_12, uniq_nergalle,
          uniq_fannar
D:11:     minmay_skewed_foursquare, layout_loops_cross,
          minmay_orc_entry_temple_small, serial_shops, shop
D:12:     layout_roguey, serial_shops, shop_statue
D:13:     layout_loops_ring, grunt_vaults_entry_tiered, grunt_pizzeria,
          uniq_azrael
Temple:   nicolae_temple_great_sept
Lair:1:   layout_chaotic_city, uniq_erica
Lair:2:   layout_cave_pods, dummy_snake_entry, grunt_megastairs_3,
          serial_bayou_shore_a
Lair:3:   layout_roguey [special_room_bee], gammafunk_ghost_arena,
          serial_bayou_crossing, serial_bayou_shore_b, serial_bayou_shore_b
Lair:4:   layout_hall_layers, nicolae_swamp_entry_splash_gauntlet,
          grunt_megastairs_4, infiniplex_staircase_pool_2, uniq_josephine,
          uniq_kirke
Lair:5:   layout_concentric_octagons, slime_altar_1
Lair:6:   due_jungle_book, layout_cave_shapes, grunt_megastairs_2
Swamp:1:  layout_falls_marsh, nicolae_swamp_fairy_circle, uniq_donald
Swamp:2:  cheibrodos_swamp_monstrosity, layout_falls_marsh, serial_swamp_ruin,
          evilmike_swamp_ruin_house_4, evilmike_swamp_ruin_house_3,
          evilmike_swamp_ruin_house_2, uniq_frances, uniq_roxanne
Swamp:3:  cheibrodos_swamp_tower_of_moss, layout_basic_swamp,
          ebering_ghost_rock_garden, nicolae_swamp_feature_on_the_river_bank,
          swamp_pool1
Snake:1:  layout_rooms, serial_bayou_lagoon_a, grunt_megastairs_1, uniq_jorgrun
Orc:1:    nicolae_orc_accident_3, layout_caves
Orc:2:    st_orc_rangers, layout_diamond_mine, nicolae_alphabet_shops,
          nicolae_orc_flooded_monolith
Ossuary:  ossuary_the_hunt_dpeg

Skill      XL: |  1  2  3  4  5  6  7  8  9 10 11 12 13 14 15 |
---------------+----------------------------------------------+-----
Stealth        | 3 5 6 10 | 10.0
Spellcasting   | 3 4 5 6 8 11 | 11.7
Earth Magic    | 4 5 6 9 11 | 11.4
Summonings     | 4 6 7 |  7.6
Ice Magic      | 4 6 7 8 |  8.3
Dodging        | 7 |  7.9
Fighting       | 3 8 |  8.3
Invocations    | 2 5 |  5.3
Long Blades    | 8 |  8.4
Shields        | 4 8 |  8.6
Transmutations | |  1.0

Action                   |  1- 3 |  4- 6 |  7- 9 | 10-12 | 13-15 || total
-------------------------+-------+-------+-------+-------+-------++-------
Melee: Unarmed           |    15 |    23 |    66 |       |       ||   104
       Constrict         |     6 |     7 |    12 |     9 |    88 ||   122
       Tentacles         |     4 |     5 |    15 |    13 |   128 ||   165
       Long sword        |       |       |     4 |    27 |       ||    31
       Whip              |       |       |       |    30 |    37 ||    67
       Scimitar          |       |       |       |     3 |   435 ||   438
       Staff             |       |       |       |       |    41 ||    41
       Dagger            |       |       |       |       |     6 ||     6
 Fire: Shortbow          |       |       |     2 |       |       ||     2
Throw: Stone             |       |     1 |     3 |     1 |    12 ||    17
 Cast: Sandblast         |    15 |    79 |   124 |   191 |   220 ||   629
       Stone Arrow       |       |     1 |    12 |     9 |    54 ||    76
       Lee's Rapid Decon |       |       |    27 |    78 |    47 ||   152
       Summon Ice Beast  |       |       |       |    40 |   268 ||   308
       Passwall          |       |       |       |     1 |       ||     1
       Petrify           |       |       |       |     7 |    81 ||    88
       Ozocubu's Armour  |       |       |       |       |     6 ||     6
Invok: Vitalisation      |       |       |       |       |     5 ||     5
       Recite            |       |       |       |       |     3 ||     3
       Imprison          |       |       |       |       |     1 ||     1
 Abil: Evoke Berserk Rag |       |       |       |       |    10 ||    10
Evoke: Wand              |       |       |     1 |    13 |    20 ||    34
       Staff of energy   |       |       |       |       |     1 ||     1
  Use: Potion            |       |     4 |     4 |     5 |    12 ||    25
       Scroll            |       |     2 |     6 |    10 |    17 ||    35
 Stab: Sleeping          |       |       |     3 |     1 |     4 ||     8
       Petrified         |       |       |       |    11 |    81 ||    92
       Distracted        |       |       |       |       |    10 ||    10
       Petrifying        |       |       |       |       |    13 ||    13
  Eat: Chunk             |       |     4 |    15 |    18 |    33 ||    70
       Ration            |       |     1 |     2 |    10 |    14 ||    27
Armor: Skin              |       |    42 |    82 |     8 |    31 ||   163
Dodge: Dodged            |    20 |    28 |    70 |   108 |   682 ||   908
Block: Shield            |       |       |       |       |    69 ||    69
       Rpst.: Long sword |       |       |     6 |     9 |       ||    15
       Scimitar          |       |       |       |       |   115 ||   115

Table legend:
 A = Non-vault XP
 B = Vault XP
 C = Vault XP percentage of total XP
 D = Non-vault monster count
 E = Vault monster count
 F = Vault count percentage of total count
                 A         B        C        D         E       F
            +---------+---------+-------+---------+---------+-------
      Total |   65909 |   38165 |  36.7 |     546 |     176 |  24.4
            +---------+---------+-------+---------+---------+-------
        D:1 |      17 |       0 |   0.0 |       9 |       0 |   0.0
        D:2 |      99 |     212 |  68.2 |      24 |       1 |   4.0
        D:3 |      48 |       0 |   0.0 |      12 |       0 |   0.0
        D:4 |     311 |    1460 |  82.4 |       9 |      10 |  52.6
        D:5 |     241 |     151 |  38.5 |       7 |       2 |  22.2
        D:6 |     796 |       4 |   0.5 |      23 |       2 |   8.0
        D:7 |     112 |     156 |  58.2 |      11 |       2 |  15.4
        D:8 |    1239 |    3429 |  73.5 |      24 |       4 |  14.3
        D:9 |    1023 |     254 |  19.9 |      17 |       3 |  15.0
       D:10 |    2157 |    5051 |  70.1 |      30 |      13 |  30.2
       D:11 |    4664 |     740 |  13.7 |      30 |      11 |  26.8
       D:12 |    7317 |       0 |   0.0 |      56 |       0 |   0.0
       D:13 |    2361 |    1900 |  44.6 |       7 |       5 |  41.7
     Lair:1 |    2200 |     587 |  21.1 |      12 |       1 |   7.7
     Lair:2 |    1815 |     103 |   5.4 |      12 |       1 |   7.7
     Lair:3 |    4240 |    2177 |  33.9 |      18 |      28 |  60.9
     Lair:4 |    4633 |    5435 |  54.0 |      30 |      19 |  38.8
     Lair:5 |    1403 |     425 |  23.2 |       8 |       1 |  11.1
     Lair:6 |    4071 |    3039 |  42.7 |      16 |       6 |  27.3
    Swamp:1 |    7268 |    1922 |  20.9 |      30 |       1 |   3.2
    Swamp:2 |    9770 |    3668 |  27.3 |      33 |       2 |   5.7
    Swamp:3 |    3077 |    1199 |  28.0 |      12 |       1 |   7.7
      Orc:1 |    3320 |    1235 |  27.1 |      64 |      12 |  15.8
      Orc:2 |    3727 |    4844 |  56.5 |      52 |      39 |  42.9
    Ossuary |       0 |     174 | 100.0 |       0 |      12 | 100.0
            +---------+---------+-------+---------+---------+-------
